Build Orders - Match 35413763 - cohdb - Company of Heroes 3 Replays

Match 35413763
Unlisted

Match 35413763
End
Vickers Machine Gun Team
Construct Section Command Post
Infantry Section
Dingo Light Scout Car
Infantry Section
Construct Field Infirmary
Vickers Machine Gun Team
Construct Platoon Command Post
Unlock M3 Stuart Light Tanks
M3 Stuart Light Tank
Selects Air and Sea Battlegroup
Selects Commando Section Paradrop
Commando Section Paradrop
6-pounder Anti-tank Gun Team
Infantry Training
Selects Commando Support Section Paradrop
M3 Stuart Light Tank
6-pounder Anti-tank Gun Team
Team Weapon Training
Selects Supply Surplus
Selects Anti-tank Rocket Loiter
Construct Company Command Post
Crusader II Medium Tank
Anti-tank Rocket Loiter
Selects Centaur Medium Tank
Construct Resource Cache
Foot Guards Section
Anti-tank Rocket Loiter
HulkSMASH
HappyPanther
0
0

Comments sign in to comment!

No comments posted yet!